 Dungeon Crawl Stone Soup version 0.30.0-10-gfe55d96785 (webtiles) character file.

Game seed: 8708606296180764030

283 qeuew the Covered (level 6, 0/51 (53) HPs)
             Began as a Minotaur Fighter on May 15, 2023.
             Slain by Crazy Yiuf
             ... wielding a +3 quarterstaff of chaos
              (1 damage)
             ... on level 2 of the Dungeon.
             The game lasted 00:01:45 (1768 turns).

qeuew the Covered (Minotaur Fighter)                Turns: 1768, Time: 00:01:46

HP:   0/51 (53)     AC:  7    Str: 21    XL:     6   Next: 7%
MP:   5/5           EV: 10    Int:  5    God:
Gold: 61            SH:  5    Dex: 11    Spells: 5/5 levels left

rFire   . . .        a - +0 war axe
rCold   . . .        c - +0 buckler
rNeg    . . .        b - +0 scale mail
rPois   .            (helmet restricted)
rElec   .            (no cloak)
rCorr   .            (no gloves)
SInv    .            (no boots)
Will    .....        (no amulet) Stlth
                     (no ring)
HPRegen 0.28/turn    (no ring)
MPRegen 0.09/turn

%: no passive effects
@: lightly drained
A: horns 2, retaliatory headbutt
a: no special abilities


You were on level 2 of the Dungeon.
You visited 1 branch of the dungeon, and saw 2 of its levels.

You collected 61 gold pieces.

Inventory:

Hand Weapons
 a - a +0 war axe (weapon)
Armour
 b - a +0 scale mail (worn)
 c - a +0 buckler (worn)
Scrolls
 f - a scroll of fear {unknown}
 g - a scroll of poison {unknown}
 h - a scroll of noise {unknown}
Potions
 d - 3 potions of might
 e - a potion of curing


   Skills:
 + Level 4.6 Fighting
 + Level 3.7 Axes
 * Level 5.6 Armour
 + Level 2.4 Dodging
 + Level 4.6 Shields


You had 5 spell levels left.
You didn't know any spells.
Your spell library was empty.

Dungeon Overview and Level Annotations

Branches:
Dungeon (2/15)

Altars:
Xom

Shops:
D:1 :=:

Annotations:
D:2 Crazy Yiuf


Innate Abilities, Weirdness & Mutations

You have a pair of horns on your head.
You reflexively headbutt those who attack you in melee.


Message History

Could not explore, unopened runed door.
No reachable target in view!
You open the door. You hit Crazy Yiuf but do no damage.
Crazy Yiuf hits you with a +3 quarterstaff of chaos!
You feel drained.
You closely miss Crazy Yiuf. You block Crazy Yiuf's attack.
You slash Crazy Yiuf! Your headbutt misses Crazy Yiuf.
Crazy Yiuf is heavily wounded.
Crazy Yiuf hits you with a +3 quarterstaff of chaos!
You resist with some effort.
Crazy Yiuf hits you with a +3 quarterstaff of chaos!
You hit Crazy Yiuf.
Crazy Yiuf is severely wounded.
Crazy Yiuf hits you but does no damage.
You are poisoned.
You hit Crazy Yiuf.
Crazy Yiuf is almost dead.
You feel very sick.
Crazy Yiuf hits you with a +3 quarterstaff of chaos!
* * * LOW HITPOINT WARNING * * *
You are more poisoned.
Okay, then.
It was a potion of curing.
You feel better.
Crazy Yiuf twirls on the spot.
Crazy Yiuf closely misses you.
You barely miss Crazy Yiuf.
Crazy Yiuf is almost dead.
Crazy Yiuf hits you with a +3 quarterstaff of chaos!
* * * LOW HITPOINT WARNING * * *
Crazy Yiuf draws strength from your wounds!
Crazy Yiuf says, "Peeping chair wrapper!"
Crazy Yiuf closely misses you. You furiously retaliate!
You headbutt Crazy Yiuf! You hit Crazy Yiuf.
Crazy Yiuf is almost dead.
Crazy Yiuf hits you with a +3 quarterstaff of chaos.
* * * LOW HITPOINT WARNING * * *
Crazy Yiuf freezes you.
You die...

#....####.# ##
#....# #.# .#
♣....♣ #.# .#
##### ♣♣...♣
##.######### .#
#...##### ♣♣.♣♣
#^.......... .#
#.#.....# ♣♣.♣
###########. .#
#...##### ♣.♣♣
#..........♣
.####.######
♣♣.♣
##.#####÷...
...........#
♣@♣♣
#......)...
#####......#
#g# #.>####)..8
#.###### ...
#..# #....
##......# #...#
##..# #....
##.###.###
#)..# #...#
#∩..♣ ###.##
##.# #####
##.### #....
....# #.#
#....# #....
#.#.## ##.#
######..###∩..8
#.##.###.##
#.##...........


You could see Crazy Yiuf.

Vanquished Creatures
  Sigmund (D:2)
  An iguana (D:2)
  3 adders (D:2)
  4 worms (D:2)
  2 dart slugs (D:1)
  4 bats
  5 endoplasms
  4 giant cockroaches
  4 hobgoblins (D:1)
  8 kobolds
  2 quokkas (D:1)
  2 ball pythons (D:1)
  2 frilled lizards
  2 goblins
  5 rats
49 creatures vanquished.

Notes
Turn   | Place    | Note
-------+----------+-------------------------------------------
     0 | D:1      | qeuew the Minotaur Fighter began the quest for the Orb.
     0 | D:1      | Reached XP level 1. HP: 19/19 MP: 0/0
     4 | D:1      | Found Anas's Jewellery Emporium.
    95 | D:1      | Reached XP level 2. HP: 27/27 MP: 1/1
   172 | D:1      | Found Oseocs's Book Emporium.
   198 | D:1      | Reached skill level 4 in Armour
   386 | D:1      | Reached skill level 1 in Dodging
   480 | D:1      | Found Gakik's Book Boutique.
   532 | D:1      | Reached XP level 3. HP: 33/33 MP: 2/2
  1354 | D:2      | Found a shimmering altar of Xom.
  1366 | D:2      | Reached XP level 4. HP: 21/40 MP: 3/3
  1449 | D:2      | Noticed Sigmund
  1463 | D:2      | Killed Sigmund
  1464 | D:2      | Reached skill level 5 in Armour
  1464 | D:2      | Reached XP level 5. HP: 43/47 MP: 4/4
  1467 | D:2      | Reached XP level 6. HP: 49/53 MP: 5/5
  1483 | D:2      | Found a faded altar of an unknown god.
  1756 | D:2      | Found a runed translucent door.
  1757 | D:2      | Noticed Crazy Yiuf
  1768 | D:2      | HP: 1/51 [Crazy Yiuf/+3 quarterstaff of chaos (2)]
  1768 | D:2      | Slain by Crazy Yiuf

Illustrated notes

Levels and vault maps discovered:
D:1:      scummos_arrival_hexagon, layout_basic, serial_shops,
          nicolae_shop_just_a_little_nook, shop, nicolae_shop_tiny_waterfront
D:2:      layout_loops_ring, basic_altar, hellmonk_ecumenical_altar_arch_garden,
          chequers_serial_rivers_large_b, uniq_sigmund, uniq_crazy_yiuf_cottage

Skill      XL: |  1  2  3  4 |
---------------+-------------+-----
Armour         | 4 5 |  5.6
Dodging        | 1 2 |  2.4
Fighting       | 4 |  4.6
Axes           | 3 |  3.7
Shields        | 4 |  4.6

Action                     |  1- 3 |  4- 6 || total
---------------------------+-------+-------++-------
  Melee: War axe           |    76 |    29 ||   105
         Headbutt          |    14 |     2 ||    16
    Use: Potion            |     2 |     1 ||     3
         Scroll            |     1 |       ||     1
 Armour: Scale mail        |    35 |    15 ||    50
  Dodge: Dodged            |    32 |    20 ||    52
  Block: Buckler           |    18 |     7 ||    25
